Map: Lost and Found LE

Players

Aternimus

  • Race: Zerg Zerg
  • League: Platinum
  • Spawn Location: 7:00

Cliggity - Winner!

  • Race: Protoss Protoss
  • League: Gold
  • Spawn Location: 1:00

VOD

Have the link to the VOD?

Description

Time

  • Played on: Oct. 10, 2018, 11:53 p.m.
  • Length: 14:57
Show
View Real Time Build Order
Export as new Build Order

Aternimus Zerg 

Build Orders: Hatch First 

Get SALT Encoding   

  12  0:02  Drone  
  13  0:14  Overlord  
  13  0:25  Drone  
  14  0:35  Drone x2  
  16  0:37  Drone  
  17  0:56  Hatchery  
  16  0:58  Drone  
  17  1:12  Spawning Pool  
  17  1:14  Drone  
  17  1:17  Drone  
  18  1:34  Drone  
  18  1:36  Drone  
  20  1:48  Drone  
  21  1:58  Extractor  
  20  2:02  Drone  
  20  2:03  Drone  
  22  2:08  Overlord  
  22  2:09  Hatchery  
  21  2:20  Drone x2  
  23  2:28  Queen  
  25  2:30  Queen  
  25  2:35  Drone x2  
  25  2:36  Drone  
  30  2:47  Drone x2  
  32  2:51  Drone  
  32  2:56  Drone  
  34  3:03  Overlord  
  34  3:09  Lair  
  34  3:13  Drone x2  
  36  3:24  Roach Warren  
  35  3:28  Extractor  
  31  3:35  Drone x6  
  33  3:41  Drone  
  33  3:42  Drone x2  
  30  4:00  Queen  
  32  4:08  Glial Reconstitution  
  32  4:11  Drone  
  32  4:12  Drone x5  
  32  4:13  Drone x3  
  41  4:19  Drone  
  41  4:20  Spine Crawler  
  41  4:32  Drone x3, Spine Crawler  
  41  4:33  Drone x3  
  46  4:41  Drone  
  46  4:42  Drone, Spine Crawler  
  47  5:05  Drone x3  
  50  5:07  Overlord x2  
  50  5:11  Extractor  
  47  5:25  Drone  
  47  5:26  Drone x3  
  47  5:28  Roach x6  
  60  5:29  Roach, Overlord x2  
  60  5:31  Drone x2  
  61  5:46  Drone  
  61  5:47  Drone x4  
  66  6:01  Hydralisk Den  
  65  6:08  Spore Crawler  
  64  6:13  Spore Crawler  
  63  6:20  Spore Crawler  
  63  6:24  Spore Crawler  
  61  6:27  Spore Crawler  
  61  6:28  Drone, Spore Crawler  
  61  6:29  Drone x6  
  61  6:30  Drone  
  67  6:36  Roach x4  
  67  6:37  Roach  
  77  6:40  Extractor  
  77  6:42  Muscular Augments  
  76  6:47  Drone x4  
  76  6:48  Drone, Evolution Chamber  
  76  6:49  Roach  
  82  6:59  Overlord x2  
  82  7:00  Overlord x3  
  82  7:34  Queen  
  82  7:36  Queen  
  86  7:38  Queen  
  86  7:54  Grooved Spines  
  74  7:59  Roach x3  
  74  8:00  Roach x4, Hydralisk  
  74  8:01  Hydralisk x7  
  92  8:10  Zerg Ground Armor Level 1  
  92  8:33  Roach x2  
  92  8:34  Roach x3, Hydralisk  
  102  8:35  Hydralisk  
  102  8:38  Overlord x3  
  102  8:39  Overlord  
  104  8:51  Queen  
  101  9:24  Hydralisk x2  
  101  9:25  Hydralisk x6  
  101  9:31  Spore Crawler  
  114  9:33  Spore Crawler  
  111  9:40  Queen  
  112  9:50  Drone x10  
  112  9:51  Spine Crawler  
  121  10:06  Zerg Missile Weapons Level 1  
  121  10:09  Overlord x5  
  121  10:26  Hatchery, Queen  
  122  10:31  Hatchery  
  121  10:43  Hatchery  
  121  10:44  Roach x3  
  121  10:45  Roach x3, Hydralisk  
  121  10:46  Hydralisk x5  
  144  10:51  Extractor  
  144  10:54  Extractor  
  142  11:09  Drone x5  
  147  11:39  Drone x6  
  153  11:45  Hydralisk  
  153  11:46  Hydralisk x5  
  165  11:48  Overlord  
  165  11:49  Overlord x2  
  165  11:57  Spore Crawler  
  165  12:01  Spore Crawler  
  163  12:02  Spore Crawler  
  163  12:05  Zerg Missile Weapons Level 2  
  163  12:06  Hydralisk  
  163  12:07  Hydralisk x10  
  184  12:24  Overseer  
  184  12:26  Overseer x2  
  184  12:55  Roach  
  184  12:57  Roach x2  
  190  13:00  Overlord x5  
  190  13:20  Roach  
  190  13:23  Overlord x5  
  190  13:24  Overlord  
  192  13:47  Hatchery  
  189  13:52  Hatchery  
  90  13:56  Hydralisk  
  90  13:57  Hydralisk x9  
  90  14:02  Hydralisk  
  92  14:03  Hydralisk  
  96  14:28  Roach  
  96  14:29  Roach x7  
Show
View Real Time Build Order
Export as new Build Order

Cliggity Protoss - Winner!

Build Orders: Oracle Opening 

Get SALT Encoding   

  12  0:01  Probe  
  13  0:13  Probe  
  14  0:20  Pylon  
  14  0:25  Probe  
  15  0:35  Probe  
  16  0:43  Probe  
  16  0:44  Gateway  
  17  0:52  Probe  
  17  0:55  Assimilator  
  18  1:01  Probe  
  18  1:09  Probe  
  19  1:16  Pylon  
  20  1:19  Gateway  
  20  1:29  Probe  
  20  1:31  Assimilator  
  21  1:41  Probe  
  22  1:50  Cybernetics Core  
  22  1:53  Probe  
  23  2:05  Probe  
  23  2:08  Pylon  
  24  2:17  Probe  
  24  2:19  Adept  
  25  2:27  Adept  
  25  2:28  Warp Gate  
  29  2:37  Nexus  
  29  2:49  Probe  
  30  2:53  Stalker  
  32  3:02  Probe  
  33  3:07  Stargate  
  33  3:14  Probe  
  34  3:26  Probe  
  35  3:46  Probe  
  36  3:56  Probe  
  36  3:58  Oracle  
  36  4:00  Probe  
  38  4:04  Probe  
  38  4:08  Probe  
  40  4:10  Robotics Facility  
  40  4:12  Gateway  
  41  4:19  Stargate, Probe  
  41  4:20  Probe  
  44  4:31  Pylon, Probe  
  44  4:36  Adept  
  46  4:42  Phoenix  
  46  4:44  Probe x2  
  50  4:47  Assimilator  
  50  4:49  Assimilator  
  50  4:52  Gateway  
  50  4:56  Probe x2  
  52  5:03  Phoenix  
  52  5:04  Immortal  
  58  5:08  Probe x2  
  58  5:44  Immortal  
  59  5:52  Probe x2  
  62  6:04  Probe  
  62  6:05  Pylon  
  62  6:08  Twilight Council  
  62  6:11  Pylon  
  62  6:13  Pylon  
  62  6:23  Phoenix x2, Warp Prism  
  62  6:24  Probe x2  
  70  6:27  Protoss Air Weapons Level 1  
  70  6:28  Nexus  
  70  6:31  Pylon  
  70  6:33  Pylon  
  70  6:36  Probe  
  71  6:42  Oracle  
  71  6:43  Probe  
  72  6:48  Probe  
  72  6:49  Pylon  
  72  6:53  Gateway  
  76  6:55  Phoenix, Probe  
  76  6:56  Charge  
  76  7:00  Gateway, Probe  
  78  7:05  Warp Prism  
  78  7:07  Shield Battery x2  
  78  7:08  Probe  
  83  7:15  Phoenix, Shield Battery  
  83  7:16  Pylon  
  83  7:20  Templar Archives  
  85  7:45  Stalker x3  
  90  8:01  Zealot  
  90  8:04  Probe x3  
  93  8:16  Phoenix x2, Psionic Storm, Immortal  
  101  8:41  Gateway  
  101  8:42  Gateway  
  101  8:45  Pylon  
  101  8:46  Pylon  
  99  9:01  Zealot x4  
  105  9:22  Immortal  
  103  9:30  Zealot x4, Forge x2  
  109  9:34  Phoenix x2  
  117  9:38  Probe  
  117  9:39  Probe x2  
  117  9:45  Assimilator  
  118  9:50  Probe  
  118  9:51  Assimilator, Probe  
  118  9:52  Protoss Ground Armor Level 1, Protoss Ground Weapons Level 1  
  120  10:04  Zealot x2  
  120  10:05  Zealot x5  
  120  10:06  Zealot  
  136  10:33  Immortal  
  140  10:42  Void Ray x2, Robotics Facility  
  148  10:43  Pylon  
  148  10:45  Pylon  
  148  11:16  Immortal  
  152  11:20  High Templar x6  
  164  11:37  Pylon  
  164  11:45  Pylon  
  164  11:46  Pylon  
  164  11:47  Nexus  
  164  11:48  Pylon  
  164  11:51  Pylon  
  164  11:52  Pylon  
  164  11:55  Immortal  
  164  11:56  Nexus  
  164  11:57  Protoss Ground Armor Level 2, Fleet Beacon, Protoss Ground Weapons Level 2  
  164  11:59  Pylon  
  168  12:01  Pylon  
  168  12:05  Probe x2  
  168  12:06  Probe  
  168  12:08  Pylon  
  171  12:11  Pylon  
  171  12:14  Zealot x4  
  171  12:15  Zealot x3  
  169  12:33  High Templar  
  165  12:42  Zealot x5  
  165  12:43  Zealot x2  
  145  13:09  High Templar x5  
  145  13:10  High Templar x3  
  151  13:14  Immortal x2  
  159  13:35  Probe x2  
  159  13:36  Probe  
  163  13:47  Probe  
  162  13:54  Archon x2  
  162  13:55  Archon x2  
  134  13:56  Zealot x4  
  134  13:57  Zealot x4  
  144  14:21  Zealot x2  
  144  14:22  Zealot x6  
  143  14:42  Zealot x2  
  143  14:43  Zealot x6  
Tags
 
Add a new tag
Caveats
  • Supply blocks, unpowered buildings, or Contaminate may cause inaccurate times.
  • Supply counts are checked every 10 seconds.